 Dungeon Crawl Stone Soup version 0.23-a0-183-gf37f6fb109 (webtiles) character file.

2604 Jesh the Unseen (level 9, -18/42 HPs)
             Began as a Spriggan Enchanter on Sept 22, 2018.
             Demolished by an orc warrior
             ... wielding a +0 halberd
              (25 damage)
             ... in a bailey.
             The game lasted 00:26:21 (8693 turns).

Jesh the Unseen (Spriggan Enchanter)                Turns: 8693, Time: 00:26:22

Health: -18/42     AC:  3    Str:  6    XL:     9   Next: 33%
Magic:  13/18      EV: 26    Int: 17    God:
Gold:   259        SH:  0    Dex: 22    Spells: 7/19 levels left

rFire    . . .     SeeInvis +   a - +4 dagger
rCold    . . .     Gourm    .   (shield restricted)
rNeg     . . .     Faith    .   b - +1 robe
rPois    +         Spirit   .   (helmet restricted)
rElec    .         Reflect  .   e - scarf {cloud immunity}
rCorr    .         Harm     .   (gloves unavailable)
MR       +....                  (boots unavailable)
Stlth    +++++++...             r - amulet of the acrobat
HPRegen  0.14/turn              j - ring of poison resistance
MPRegen  0.16/turn              (no ring)

@: agile, very quick
A: very small, unfitting armour, see invisible, herbivore, speed 3, slow
metabolism 2
a: no special abilities


You were in a bailey.
You were hungry.

You visited 2 branches of the dungeon, and saw 8 of its levels.
You also visited: Bailey.

You collected 259 gold pieces.

Inventory:

Hand Weapons
 a - a +4 dagger (weapon)
 h - a cursed -3 dagger
 k - a +0 rapier
 l - a +2 vampiric dagger
 m - a cursed -2 dagger
 o - a cursed -2 dagger
Armour
 b - a +1 robe (worn)
 e - a scarf of cloud immunity (worn)
Jewellery
 j - a ring of poison resistance (left hand)
 r - an amulet of the acrobat (around neck)
Wands
 p - a wand of random effects (14)
Scrolls
 c - 9 scrolls of teleportation
 q - a scroll of fear
Potions
 f - 2 potions of flight
 g - 3 potions of cancellation
 n - a potion of agility
Comestibles
 d - 9 rations


   Skills:
 + Level 1.7 Fighting
 + Level 2.7 Short Blades
 + Level 4.7 Dodging
 + Level 15.5 Stealth
 + Level 5.7 Spellcasting
 + Level 6.2 Hexes


You had 7 spell levels left.
You knew the following spells:

 Your Spells              Type           Power        Failure   Level  Hunger
a - Ensorcelled Hibernat  Hex/Ice        ###...       5%          2    #......
b - Corona                Hex            ####...      1%          1    None
c - Confuse               Hex            ####....     3%          3    ##.....
d - Tukima's Dance        Hex            ####....     3%          3    ##.....
e - Dazzling Spray        Conj/Hex       ###...       11%         3    ##.....

Your spell library contained the following spells:

 Spells                   Type           Power        Failure   Level  Hunger


Dungeon Overview and Level Annotations

Branches:
Dungeon (7/15)             Temple (1/1) D:5

Altars:
Ashenzari
Fedhas
Gozag
Hepliaklqana
Kikubaaqudgha
Makhleb
Nemelex Xobeh
Qazlal
Sif Muna
Trog
Uskayaw
Vehumet
Wu Jian
Xom
Yredelemnul
Zin
The Shining One


Innate Abilities, Weirdness & Mutations

You are very small and have problems with some larger weapons.
You are too small for most types of armour.
You have supernaturally acute eyesight. (SInv)
You are a herbivore.
You cover ground extremely quickly.
You need to consume almost no food.


Message History

Confirm with . or Enter, or press ? or * to list all spells.
Aiming: Ensorcelled Hibernation (safe; 5% risk of failure)
Press: ? - help, Shift-Dir - straight line, f/p - orc warrior
Aim: an orc warrior, wielding a halberd and wearing a crystal plate armour The orc warrior resists with some effort.
The orc knight no longer looks unusually strong.
The orc warrior hits you with a halberd!!
Ouch! That really hurt!
* * * LOW HITPOINT WARNING * * *
The orc warrior hits you with a halberd.
* * * LOW HITPOINT WARNING * * *
Casting: Ensorcelled Hibernation (safe; 5% risk of failure)
Confirm with . or Enter, or press ? or * to list all spells.
Aiming: Ensorcelled Hibernation (safe; 5% risk of failure)
Press: ? - help, Shift-Dir - straight line, f/p - orc warrior
Aim: an orc warrior, wielding a halberd and wearing a crystal plate armour The orc warrior looks drowsy...
The orc warrior hits you with a halberd!!
Ouch! That really hurt!
You die...

### ###### ##∩##
#...o.##.∩.# .
..≈≈≈..#@..#..≈≈
.≈≈o≈≈.o.o...≈≈o≈
.≈.oo≈.......≈oo.
.≈≈o≈≈.......≈≈.≈
..≈≈≈..#...#..≈≈≈
#.....##...##....
###### ##∩## ####
###


You could see 2 orc knights, 5 orc warriors and 2 orcs.

Vanquished Creatures
  An orc knight (Bailey)
  Eustachio (D:5)
  4 orc warriors
  A sky beast (D:7)
  3 ogres
  A necrophage (D:6)
  A centaur (D:6)
  A bullfrog (D:6)
  A scorpion (D:4)
  A water moccasin skeleton (D:4)
  2 howler monkeys
  6 crimson imps (D:5)
  A quasit (D:5)
  2 jellies (D:2)
  3 orc priests (D:6)
  A hound (D:4)
  6 orc wizards
  A bullfrog skeleton (D:6)
  An iguana (D:6)
  A worker ant (D:6)
  A killer bee zombie (D:6)
  A hound skeleton (D:6)
  A worker ant zombie (D:6)
  2 adders
  A shadow imp (D:6)
  9 oozes (D:2)
  An adder zombie (D:5)
  3 worms
  3 dart slugs
  6 leopard geckos
  21 orcs
  5 bats
  2 giant cockroaches
  2 gnoll zombies (D:3)
  7 goblins
  11 hobgoblins
  6 jackals
  4 quokkas
  3 ball pythons
  6 frilled lizards
  A jackal skeleton (D:4)
  18 kobolds
  9 rats
162 creatures vanquished.

Vanquished Creatures (others)
  6 fungi (D:2)
  5 toadstools (D:2)
11 creatures vanquished.

Grand Total: 173 creatures vanquished

Notes
Turn   | Place    | Note
-------+----------+-------------------------------------------
     0 | D:1      | Jesh the Spriggan Enchanter began the quest for the Orb.
     0 | D:1      | Reached XP level 1. HP: 9/9 MP: 5/5
     6 | D:1      | Noticed a komodo dragon
     6 | D:1      | Noticed a lindwurm
     6 | D:1      | Noticed a seven-headed hydra
    10 | D:1      | Noticed a killer bee
    10 | D:1      | Noticed a black bear
   499 | D:1      | Reached XP level 2. HP: 10/13 MP: 5/7
   503 | D:1      | Learned a level 2 spell: Ensorcelled Hibernation
  1452 | D:1      | Reached XP level 3. HP: 14/16 MP: 9/9
  1457 | D:1      | Learned a level 3 spell: Confuse
  1461 | D:1      | Learned a level 3 spell: Tukima's Dance
  2137 | D:2      | Found an opulent altar of Gozag.
  2649 | D:2      | Reached skill level 5 in Hexes
  2649 | D:2      | Reached XP level 4. HP: 21/21 MP: 6/11
  2889 | D:2      | Reached XP level 5. HP: 24/24 MP: 10/13
  3265 | D:2      | Reached skill level 5 in Stealth
  3375 | D:2      | Found a faded altar of an unknown god.
  3883 | D:3      | Found a bloodstained altar of Trog.
  4473 | D:3      | Found a basalt altar of Yredelemnul.
  4479 | D:3      | Learned a level 3 spell: Dazzling Spray
  4951 | D:3      | Found a hazy altar of Hepliaklqana.
  5155 | D:4      | Reached skill level 6 in Stealth
  5215 | D:4      | Reached skill level 7 in Stealth
  5328 | D:4      | Reached XP level 6. HP: 28/28 MP: 14/14
  5659 | D:4      | Reached skill level 8 in Stealth
  5668 | D:4      | Reached skill level 9 in Stealth
  5739 | D:4      | Reached XP level 7. HP: 23/32 MP: 13/15
  5886 | D:4      | Found a deep blue altar of Sif Muna.
  6024 | D:5      | Entered Level 5 of the Dungeon
  6030 | D:5      | Noticed Eustachio
  6037 | D:5      | Killed Eustachio
  6037 | D:5      | Reached skill level 10 in Stealth
  6070 | D:5      | Found a shimmering altar of Xom.
  6083 | D:5      | Reached skill level 11 in Stealth
  6335 | D:5      | Reached skill level 12 in Stealth
  6482 | D:5      | Reached XP level 8. HP: 36/36 MP: 11/16
  6654 | D:5      | Found a staircase to the Ecumenical Temple.
  6663 | Temple   | Entered the Ecumenical Temple
  6811 | D:5      | Found a shattered altar of Ashenzari.
  7158 | D:5      | Reached skill level 13 in Stealth
  7448 | D:6      | Found a burning altar of Makhleb.
  7643 | D:6      | Reached skill level 14 in Stealth
  7950 | D:6      | Reached skill level 15 in Stealth
  8084 | D:6      | Reached skill level 5 in Spellcasting
  8430 | D:6      | Found a glowing silver altar of Zin.
  8615 | D:7      | Reached skill level 1 in Fighting
  8615 | D:7      | Reached XP level 9. HP: 34/41 MP: 14/17
  8665 | D:7      | Found a flagged portal.
  8672 | Bailey   | Entered a bailey
  8672 | Bailey   | Noticed an orc knight
  8672 | Bailey   | Noticed an orc knight
  8672 | Bailey   | Noticed an orc knight
  8677 | Bailey   | Killed an orc knight
  8693 | Bailey   | Demolished by an orc warrior

Vault maps used:
D:1:      onia_arrival_zoo_common, minmay_tromino_v2
D:2:      cheibrodos_fertilizer, nicolae_gozag_seed_capital,
          chequers_ecumenical_altar_simple_redux
D:3:      nicolae_overflow_crystal_walls, lemuel_zombie_altar_yredelemnul,
          marbit_many_paths, palyth_stone_intersect
D:4:      kennysheep_mini_moat, minmay_misc_feat_alley,
          kennysheep_opposing_triangles
D:5:      led_xom_imps, minmay_temple_entry_statues, first_ration,
          cheibrodos_ashenzari_chains, uniq_eustachio
D:6:      makhleb_blood_cavern_becter, minmay_door_square, lemuel_statue_altar
D:7:      nicolae_overflow_hidden_temple, enter_bailey_3
Temple:   jpeg_temple_alley_garden
Bailey:   bailey_polearm_4, bailey

Skill      XL: |  1  2  3  4  5  6  7  8  9 |
---------------+----------------------------+-----
Spellcasting   | 3 4 5 |  5.7
Hexes          | 4 5 6 |  6.2
Stealth        | 7 9 12 15 | 15.5
Fighting       | 1 |  1.7
Short Blades   | 2 |  2.7
Dodging        | 4 |  4.7

Action                   |  1- 3 |  4- 6 |  7- 9 || total
-------------------------+-------+-------+-------++-------
Melee: Dagger            |    96 |   176 |   161 ||   433
 Cast: Corona            |     3 |     1 |       ||     4
       Ensorcelled Hiber |    25 |    31 |    46 ||   102
       Dazzling Spray    |       |     5 |     7 ||    12
       Confuse           |       |     4 |    20 ||    24
       Tukima's Dance    |       |     1 |       ||     1
Evoke: Wand              |       |       |     5 ||     5
  Use: Scroll            |     6 |     6 |     2 ||    14
       Potion            |     2 |       |    10 ||    12
 Stab: Sleeping          |    20 |    29 |    27 ||    76
       Confused          |       |     1 |     5 ||     6
       Distracted        |       |     1 |       ||     1
       Invisible         |       |     1 |       ||     1
  Eat: Ration            |     1 |     2 |     2 ||     5
Armor: Robe              |     1 |    11 |    15 ||    27
       Skin              |       |       |    11 ||    11
Dodge: Dodged            |    65 |   128 |   122 ||   315

Table legend:
 A = Non-vault XP
 B = Vault XP
 C = Vault XP percentage of total XP
 D = Non-vault monster count
 E = Vault monster count
 F = Vault count percentage of total count
                 A         B        C        D         E       F
            +---------+---------+-------+---------+---------+-------
      Total |    2059 |    1662 |  44.7 |     124 |      38 |  23.5
            +---------+---------+-------+---------+---------+-------
        D:1 |      43 |       1 |   2.3 |      23 |       1 |   4.2
        D:2 |      36 |     162 |  81.8 |      19 |      19 |  50.0
        D:3 |      44 |       6 |  12.0 |      17 |       3 |  15.0
        D:4 |     421 |      47 |  10.0 |      19 |       3 |  13.6
        D:5 |     437 |     402 |  47.9 |      15 |       5 |  25.0
        D:6 |     894 |     137 |  13.3 |      28 |       2 |   6.7
        D:7 |     184 |       3 |   1.6 |       3 |       2 |  40.0
     Bailey |       0 |     904 | 100.0 |       0 |       3 | 100.0
            +---------+---------+-------+---------+---------+-------
